 Dungeon Crawl Stone Soup version 0.22.0-6-g71bd7aa (webtiles) character file.

1321 Sqgman the Shield-Bearer (level 8, -1/68 HPs)
             Began as a Hill Orc Fighter on Aug 15, 2018.
             Was an Initiate of Makhleb.
             Slain by a wraith (6 damage)
             ... on level 6 of the Dungeon.
             The game lasted 00:28:02 (5089 turns).

Sqgman the Shield-Bearer (Hill Orc Fighter)         Turns: 5089, Time: 00:28:02

Health: -1/68      AC:  8    Str: 21    XL:     8   Next: 59%
Magic:  8/8        EV: 11    Int: 11    God:    Makhleb [......]
Gold:   179        SH: 11    Dex: 10    Spells: 7/7 levels left

rFire    . . .     SeeInvis .   l - +0 short sword (drain)
rCold    + . .     Gourm    .   u - +1 shield {rC+}
rNeg     . . .     Faith    .   b - +1 scale mail
rPois    .         Spirit   .   (no helmet)
rElec    .         Reflect  .   k - scarf {repulsion}
rCorr    .         Harm     .   (no gloves)
MR       .....                  (no boots)
Stlth    ..........             (no amulet)
HPRegen  0.21/turn              w - +2 ring of evasion
MPRegen  0.11/turn              r - +3 ring of intelligence

@: hasted and slowed, repel missiles
A: no striking features
a: Renounce Religion


You were on level 6 of the Dungeon.
You worshipped Makhleb.
Makhleb was noncommittal.
You were not hungry.

You visited 2 branches of the dungeon, and saw 7 of its levels.

You collected 377 gold pieces.
You spent 198 gold pieces at shops.

Inventory:

Hand Weapons
 a - a +1 war axe
 l - a +0 short sword of draining (weapon)
 n - a +0 blowgun
 y - a +0 shortbow
Missiles
 e - 123 stones (quivered)
 q - 10 poisoned needles
 z - 77 arrows
Armour
 b - a +1 scale mail (worn)
 k - a scarf of repulsion (worn)
 u - a +1 shield of cold resistance (worn)
Magical Staves
 c - an uncursed staff of fire
 v - an uncursed staff of summoning
Jewellery
 h - an uncursed ring of ice
 r - a +3 ring of intelligence (right hand)
 w - a +2 ring of evasion (left hand)
Wands
 i - a wand of disintegration (15)
Scrolls
 g - 7 scrolls of teleportation
 m - 3 scrolls of remove curse
 o - a scroll of amnesia
 p - 2 scrolls of identify
Potions
 d - a potion of might
 j - a potion of haste
 t - 2 potions of flight
Comestibles
 f - 17 rations
 s - 2 chunks of flesh


   Skills:
 + Level 5.3 Fighting
 + Level 4.3 Short Blades
 + Level 4.9 Axes
 + Level 0.3 Staves
 - Level 0.4 Throwing
 + Level 6.2 Armour
 + Level 2.4 Dodging
 + Level 0.6 Stealth
 + Level 6.2 Shields


You had 7 spell levels left.
You didn't know any spells.
Your spell library was empty.

Dungeon Overview and Level Annotations

Branches:
Dungeon (6/15)             Temple (1/1) D:5

Altars:
Ashenzari
Cheibriados
Elyvilon
Hepliaklqana
Kikubaaqudgha
Makhleb
Nemelex Xobeh
Okawaru
Qazlal
Ru
Vehumet
The Shining One

Shops:
D:5 *


Message History

Makhleb accepts your kill.
You hit the wraith but do no damage. The wraith closely misses you.
You hit the wraith.
The wraith is lightly damaged.
The wraith hits you but does no damage.
You hit the wraith but do no damage. The wraith hits you.
* * * LOW HITPOINT WARNING * * *
The wraith drains your vigour!
You feel yourself slow down.
You closely miss the wraith. You block the wraith's attack.
You puncture the wraith!
The wraith is moderately damaged.
The wraith barely misses you. The wraith hits you.
* * * LOW HITPOINT WARNING * * *
You hit the wraith but do no damage.
The wraith is moderately damaged.
The wraith hits you!
* * * LOW HITPOINT WARNING * * *
You feel yourself speed up.
The wraith hits you but does no damage. x2
The wraith hits you.
You die...

#..########.# #.##? #..#
#.#.. ###.# #.#.# ##.#..#
#.#.. #.###.# #.#.#
##.#..# # #.#.#####.#.#
#############.#W#...###.#
.#............#.@.#..#..#
........###...##.###)..##
#.......##..#.#### #####
##..#.###.....#
##....###.#.###
............#
....####...## ..###
#..### #.#####..#### #


You could see a wraith.

Vanquished Creatures
  2 ice beasts
  2 phantoms
  A sky beast (D:6)
  2 ogres (D:6)
  A centaur (D:5)
  2 bullfrogs
  A scorpion (D:6)
  4 hounds
  A bullfrog skeleton (D:3)
  An orc wizard (D:3)
  2 worker ants (D:4)
  A hound skeleton (D:4)
  A worker ant zombie (D:5)
  4 gnolls (D:6)
  A howler monkey skeleton (D:5)
  5 adders
  An ooze (D:3)
  An adder zombie (D:6)
  An adder skeleton (D:6)
  5 worms
  A dart slug (D:1)
  A leopard gecko (D:5)
  12 orcs
  7 bats
  7 giant cockroaches
  7 goblins
  3 hobgoblins
  7 jackals (D:1)
  3 quokkas
  3 frilled lizards
  5 kobolds
  A leopard gecko skeleton (D:5)
  A quokka skeleton (D:6)
  4 rats
  A butterfly (D:5)
102 creatures vanquished.

Notes
Turn   | Place    | Note
-------+----------+-------------------------------------------
     0 | D:1      | Sqgman the Hill Orc Fighter began the quest for the Orb.
     0 | D:1      | Reached XP level 1. HP: 19/19 MP: 1/1
    62 | D:1      | Reached XP level 2. HP: 26/27 MP: 2/2
   550 | D:1      | Reached XP level 3. HP: 31/33 MP: 3/3
  1631 | D:3      | Reached XP level 4. HP: 40/40 MP: 4/4
  2078 | D:3      | Found a stormy altar of Qazlal.
  2167 | D:3      | Found a snail-covered altar of Cheibriados.
  2207 | D:3      | Reached XP level 5. HP: 28/46 MP: 5/5
  2223 | D:3      | Noticed an ice beast
  2242 | D:3      | Killed an ice beast
  2242 | D:3      | Reached skill level 1 in Dodging
  2350 | D:3      | Reached XP level 6. HP: 51/52 MP: 6/6
  2710 | D:4      | Reached skill level 1 in Short Blades
  2818 | D:4      | Noticed a phantom
  2827 | D:4      | Killed a phantom
  2827 | D:4      | Reached skill level 5 in Shields
  2851 | D:4      | Found a sparkling altar of Nemelex Xobeh.
  2871 | D:4      | Reached XP level 7. HP: 52/60 MP: 7/7
  2892 | D:4      | Reached skill level 5 in Armour
  3143 | D:5      | Entered Level 5 of the Dungeon
  3143 | D:5      | Found a staircase to the Ecumenical Temple.
  3632 | D:5      | Found Iqoyramuts's General Store.
  3727 | D:5      | Bought a +1 shield of cold resistance for 198 gold pieces
  3787 | Temple   | Entered the Ecumenical Temple
  3962 | Temple   | Became a worshipper of Makhleb the Destroyer
  4742 | D:6      | Reached skill level 5 in Fighting
  4742 | D:6      | Reached XP level 8. HP: 18/68 MP: 8/8
  5070 | D:6      | Noticed a wraith
  5089 | D:6      | Slain by a wraith

Skill      XL: |  1  2  3  4  5  6  7  8 |
---------------+-------------------------+-----
Axes           | 3 4 |  4.9
Fighting       | 4 5 |  5.3
Shields        | 4 5 6 |  6.2
Armour         | 4 5 6 |  6.2
Dodging        | 1 2 |  2.4
Short Blades   | 2 3 4 |  4.3
Staves         | |  0.3
Throwing       | |  0.4
Stealth        | |  0.6

Action                   |  1- 3 |  4- 6 |  7- 9 || total
-------------------------+-------+-------+-------++-------
Melee: War axe           |    92 |    41 |       ||   133
       Short sword       |       |    98 |   189 ||   287
       Staff             |       |    19 |       ||    19
 Fire: Blowgun           |       |       |    11 ||    11
Throw: Stone             |       |       |     5 ||     5
Evoke: Wand              |       |       |     1 ||     1
  Use: Scroll            |     4 |     4 |     4 ||    12
       Potion            |     2 |     2 |     3 ||     7
  Eat: Chunk             |     2 |     1 |     2 ||     5
       Ration            |       |     1 |     2 ||     3
Armor: Scale mail        |    96 |    90 |    81 ||   267
Dodge: Dodged            |    42 |    66 |    77 ||   185
       Deflected         |       |     1 |     2 ||     3
Block: Shield            |    81 |    97 |   109 ||   287
